 Dungeon Crawl Stone Soup version 0.28-a0-1387-g3a22ab9bdc (webtiles) character file.

Game seed: 15131505756193119494

213 HallandMoats the Student (level 5, -6/41 HPs)
             Began as a Demonspawn Fighter on Jan 3, 2022.
             Was a Follower of Sif Muna.
             Mangled by an ogre (15 damage)
             ... on level 4 of the Dungeon.
             The game lasted 00:05:18 (3996 turns).

HallandMoats the Student (Demonspawn Fighter)       Turns: 3996, Time: 00:05:19

Health: -6/41      AC:  6    Str: 16    XL:     5   Next: 59%
Magic:  7/7        EV:  9    Int:  9    God:    Sif Muna [*.....]
Gold:   98         SH:  5    Dex: 15    Spells: 4/4 levels left

rFire   . . .      SeeInvis .   f - +2 whip (pain)
rCold   . . .      Faith    .   c - +0 buckler
rNeg    . . .      Spirit   .   b - +0 scale mail
rPois   .          Reflect  .   (helmet restricted)
rElec   .          Harm     .   (no cloak)
rCorr   .          Rampage  .   (no gloves)
Will    .....                   (no boots)
Stlth   ..........              (no amulet)
HPRegen 0.13/turn               (no ring)
MPRegen 0.10/turn               (no ring)

@: no status effects
A: claws 1, horns 2
a: Renounce Religion, Channel Magic


You were on level 4 of the Dungeon.
You worshipped Sif Muna.
Sif Muna was aware of your devotion.
You visited 1 branch of the dungeon, and saw 4 of its levels.

You collected 98 gold pieces.

Inventory:

Hand Weapons
 a - a +0 war axe
 f - a +2 whip of pain (weapon)
Armour
 b - a +0 scale mail (worn)
 c - a +0 buckler (worn)
Jewellery
 k - a +4 ring of protection
 l - an amulet of regeneration
 t - a ring of positive energy
 u - a ring of willpower
Scrolls
 e - 2 scrolls of magic mapping {unknown}
 g - 2 scrolls of identify {unknown}
 m - 2 scrolls of noise {unknown}
 n - a scroll of enchant weapon {unknown}
 o - a scroll of amnesia {unknown}
 p - 2 scrolls of teleportation {unknown}
 q - a scroll of vulnerability {unknown}
 s - a scroll of immolation {unknown}
Potions
 d - a potion of might
 h - a potion of brilliance {unknown}
 i - 2 potions of heal wounds {unknown}
 j - 2 potions of degeneration {unknown}
 r - a potion of resistance {unknown}


   Skills:
 + Level 3.5 Fighting
 + Level 2.4 Axes
 + Level 3.2 Armour
 + Level 1.5 Dodging
 + Level 3.3 Shields
 * Level 3.9 Invocations


You had 4 spell levels left.
You didn't know any spells.
Your spell library contained the following spells:

 Spells                   Type           Power      Damage    Failure   Level
 Dispersal                Tloc           0%         N/A       100%        6
 Disjunction              Tloc           0%         N/A       100%        8


Dungeon Overview and Level Annotations

Branches:
Dungeon (4/15)
 Temple: D:4-7

Altars:
Okawaru
Sif Muna


Innate Abilities, Weirdness & Mutations

You have sharp fingernails.
You have a pair of horns on your head.


Message History

The hound skeleton bites you.
Found 25 stones.
A jackal comes into view.
The jackal barks!
A jackal comes into view.
The jackal barks!
You hit the jackal.
The jackal is severely wounded.
You block the jackal's attack.
The jackal bites you but does no damage.
You block the jackal's attack.
You hit the jackal but do no damage.
The jackal bites you but does no damage.
The jackal barely misses you. You block the jackal's attack.
You block the jackal's attack.
The jackal bites you but does no damage.
The jackal bites you but does no damage.
The jackal barely misses you. The ogre barely misses you.
The jackal bites you but does no damage.
The jackal barely misses you.
The jackal bites you but does no damage. x2
You block the ogre's attack.
The jackal bites you but does no damage.
The jackal bites you. You block the jackal's attack.
The jackal closely misses you. The ogre closely misses you.
The jackal barely misses you. You block the jackal's attack.
The jackal closely misses you. The ogre barely misses you.
The jackal closely misses you.
The jackal bites you but does no damage. x2
The jackal barely misses you. The ogre hits you with a +0 giant club!
The jackal bites you but does no damage.
The jackal bites you. You block the jackal's attack.
You block the jackal's attack. The ogre hits you with a +0 giant club!
* * * LOW HITPOINT WARNING * * *
The jackal closely misses you.
The jackal bites you but does no damage.
The jackal bites you but does no damage.
The ogre hits you with a +0 giant club!
You die...

##+#### # #.....# #
#.....+ # # #.....#
# ##.##.....# #
.......@..+ +
##.##.hhO.# ###
#..Z..# ########..
#.....+ ###.........
#.....###...........
#...............<...
+...................
#...................
#...................


You could see an ogre, 2 jackals and a hound skeleton.

Vanquished Creatures
  2 orc priests (D:3)
  5 adders (D:3)
  An adder zombie (D:3)
  A worm (D:2)
  3 dart slugs
  7 orcs
  12 ball pythons
  4 endoplasms
  3 giant cockroaches
  8 goblins
  4 hobgoblins
  8 jackals
  3 quokkas
  8 bats
  4 frilled lizards
  4 kobolds
  8 rats
85 creatures vanquished.

Vanquished Creatures (others)
  A plant (D:3)
1 creature vanquished.

Grand Total: 86 creatures vanquished

Notes
Turn   | Place    | Note
-------+----------+-------------------------------------------
     0 | D:1      | HallandMoats the Demonspawn Fighter began the quest for the
                  | Orb.
     0 | D:1      | Reached XP level 1. HP: 18/18 MP: 1/1
   241 | D:1      | Reached skill level 1 in Invocations
   256 | D:1      | Discovered your monstrous ancestry.
   256 | D:1      | Gained mutation: You have a pair of small horns on your
                  | head. [demonic ancestry]
   256 | D:1      | Reached XP level 2. HP: 20/24 MP: 2/2
   822 | D:1      | Gained mutation: You have a pair of horns on your head.
                  | [demonic ancestry]
   822 | D:1      | Reached XP level 3. HP: 18/29 MP: 4/4
  2072 | D:2      | Reached XP level 4. HP: 34/35 MP: 6/6
  2286 | D:3      | Reached skill level 1 in Dodging
  2718 | D:3      | Found a faded altar of an unknown god.
  2991 | D:3      | Found an iron altar of Okawaru.
  3070 | D:3      | Gained mutation: You have sharp fingernails. [demonic
                  | ancestry]
  3070 | D:3      | Reached XP level 5. HP: 33/41 MP: 7/7
  3920 | D:3      | Prayed at the altar of an unknown god.
  3920 | D:3      | Became a worshipper of Sif Muna the Loreminder
  3920 | D:3      | Reached * piety under Sif Muna
  3966 | D:4      | Noticed an ogre
  3996 | D:4      | Mangled by an ogre

Illustrated notes

Levels and vault maps discovered:
D:1:      psy_arrival_radial01, layout_basic
D:2:      layout_loops_cross
D:3:      layout_basic, mainiacjoe_overflow_boulevard,
          ebering_ecumenical_altar_box, minivault_4, st_stairs_9,
          minmay_snake_closets
D:4:      layout_basic, mainiacjoe_overflow_paths, lemuel_blue_sif_altar,
          kennysheep_mini, serial_shops, nicolae_shop_overgrown_old_shop,
          minmay_manual_mares

Skill      XL: |  1  2  3  4 |
---------------+-------------+-----
Invocations    | 1 2 3 |  3.9
Axes           | 2 |  2.4
Shields        | 3 |  3.3
Armour         | 3 |  3.2
Dodging        | 1 |  1.5
Fighting       | |  3.5

Action                   |  1- 3 |  4- 6 || total
-------------------------+-------+-------++-------
Melee: Whip              |   146 |    93 ||   239
       War axe           |     3 |       ||     3
       Headbutt          |    13 |    17 ||    30
Armor: Scale mail        |   141 |    53 ||   194
Dodge: Dodged            |   124 |    50 ||   174
Block: Buckler           |    49 |    27 ||    76

Table legend: (Time is in decaauts)
 A = Elapsed time spent in this place.
 B = Non-inter-level travel time spent in this place.
 C = Inter-level travel time spent in this place.
 D = Time resting spent in this place.
 E = Time spent auto-exploring this place.
 F = Levels seen in this place.
 G = Mean time per level.
                   A        B        C        D        E       F      G
               +--------+--------+--------+--------+--------+-----+--------+
         Total |   4015 |   3955 |     60 |    687 |   2388 |   4 | 1003.8 |
       Dungeon |   4015 |   3955 |     60 |    687 |   2388 |   4 | 1003.8 |
               +--------+--------+--------+--------+--------+-----+--------+

Top non-repeatable levels by time:
     D:1: 1434 daAuts
     D:3: 1368 daAuts
     D:2: 1165 daAuts
     D:4: 46 daAuts
